 Dungeon Crawl Stone Soup version 0.28-a0-1117-g0bdd5ba030 (webtiles) character file.

Game seed: 2615688303762016400

64 fragbeetle the Insei (level 4, -9/33 HPs)
             Began as a Merfolk Transmuter on Dec 12, 2021.
             Mangled by a gnoll (10 damage)
             ... on level 2 of the Dungeon.
             The game lasted 00:04:41 (1736 turns).

fragbeetle the Insei (Merfolk Transmuter)           Turns: 1736, Time: 00:04:41

Health: -9/33      AC:  2    Str: 12    XL:     4   Next: 12%
Magic:  6/7        EV: 13    Int: 12    God:
Gold:   66         SH:  0    Dex: 14    Spells: 3/7 levels left

rFire   . . .      SeeInvis .     - Unarmed
rCold   . . .      Faith    .   (no shield)
rNeg    . . .      Spirit   .   a - +0 robe
rPois   .          Reflect  .   (helmet currently unavailable)
rElec   .          Harm     .   (no cloak)
rCorr   .          Rampage  .   (no gloves)
Will    .....                   (boots currently unavailable)
Stlth   +.........              (no amulet)
HPRegen 0.11/turn               (no ring)
MPRegen 0.10/turn               (no ring)

@: appendages (expiring)
A: horns 2, (nimble swimmer 2), mertail
a: End Transformation


You were on level 2 of the Dungeon.
You had temporarily grown beastly horns.
You visited 1 branch of the dungeon, and saw 2 of its levels.

You collected 66 gold pieces.

Inventory:

Missiles
 f - 5 stones
Armour
 a - a +0 robe (worn)
Scrolls
 c - 2 scrolls of immolation {unknown}
 d - a scroll of fear {unknown}
 e - a scroll of noise {unknown}
Potions
 b - 3 potions of lignification {unknown}


   Skills:
 * Level 1.9 Fighting
 + Level 3.3 Dodging
 - Level 0.4 Stealth
 + Level 3.9 Unarmed Combat
 + Level 2.3 Spellcasting
 * Level 3.5 Transmutations
 * Level 0.3 Poison Magic


You had 3 spell levels left.
You knew the following spells:

 Your Spells              Type           Power      Damage    Failure   Level
a - Beastly Appendage     Tmut           18%        N/A       6%          1
b - Spider Form           Tmut/Pois      5%         N/A       36%         3

Your spell library contained the following spells:

 Spells                   Type           Power      Damage    Failure   Level
 Wereblood                Tmut           9%         N/A       10%         2
 Ice Form                 Ice/Tmut       5%         N/A       77%         4


Dungeon Overview and Level Annotations

Branches:
Dungeon (2/15)

Altars:

Annotations:
D:2 Robin


Innate Abilities, Weirdness & Mutations

You have temporarily grown beastly horns.
((You are quick and stealthy near water. (Stealth+, EV+, Speed+++)))
Your lower body shifts to a powerful aquatic tail in water.


Message History

You hit the gnoll.
The gnoll is severely wounded.
The gnoll hits you with a +2 whip of flaming.
The gnoll burns you.
You hit the gnoll. Your headbutt misses the gnoll.
The gnoll is severely wounded.
The gnoll hits you with a +2 whip of flaming.
The gnoll burns you.
You barely miss the gnoll.
The gnoll is severely wounded.
The gnoll closely misses you.
You closely miss the gnoll. You headbutt the gnoll.
You kill the gnoll!
You have reached level 4!
You closely miss the gnoll. The gnoll barely misses you.
You barely miss the gnoll. You headbutt the gnoll!
The gnoll is heavily wounded.
Your transformation is almost over.
The gnoll closely misses you.
You barely miss the gnoll.
The gnoll is heavily wounded.
The gnoll hits you with a +0 flail!
* * * LOW HITPOINT WARNING * * *
You closely miss the gnoll. Your headbutt misses the gnoll.
The gnoll is heavily wounded.
The gnoll closely misses you.
You barely miss the gnoll.
You headbutt the gnoll, but do no damage.
The gnoll is heavily wounded.
The gnoll misses you.
You barely miss the gnoll. Your headbutt misses the gnoll.
The gnoll is heavily wounded.
The gnoll misses you.
You hit the gnoll. You headbutt the gnoll.
The gnoll is almost dead.
You closely miss the gnoll.
You headbutt the gnoll, but do no damage.
The gnoll is almost dead.
The gnoll hits you with a +0 flail!
You die...

...###..#.#.#.#†#.# #.#
...........#.†..#.# #.#
..#.#..#.#.#.#...# #.#
##.#..#..#.### #.#
#.##...##.# #.#
#..##.##..# #.## ##.
##........# #..#
#....###.........####...
.....gg@.........+......
....####........ ####...
# ##....... ####^#
#.....# ...... #...##
###.## #'## #. #
#.#####.###.####. #
...........g.g... #
#.#####†###.###. #


You could see 2 gnolls.

Vanquished Creatures
  A gnoll (D:2)
  An adder (D:2)
  A dart slug (D:1)
  7 ball pythons
  4 endoplasms
  5 goblins (D:1)
  5 hobgoblins
  3 jackals (D:1)
  2 quokkas
  5 bats (D:1)
  2 frilled lizards
  3 kobolds (D:1)
  3 rats (D:1)
42 creatures vanquished.

Notes
Turn   | Place    | Note
-------+----------+-------------------------------------------
     0 | D:1      | fragbeetle the Merfolk Transmuter began the quest for the
                  | Orb.
     0 | D:1      | Reached XP level 1. HP: 15/15 MP: 3/3
   145 | D:1      | Reached XP level 2. HP: 18/21 MP: 3/5
   824 | D:1      | Reached XP level 3. HP: 24/26 MP: 4/6
  1223 | D:2      | Noticed Robin
  1591 | D:2      | Learned a level 3 spell: Spider Form
  1729 | D:2      | Reached XP level 4. HP: 12/33 MP: 5/7
  1731 | D:2      | HP: 1/33 [gnoll (12)]
  1736 | D:2      | Mangled by a gnoll

Illustrated notes

Levels and vault maps discovered:
D:1:      amcnicky_arrival_underground_garden, layout_rooms, minmay_hexomino_u4
D:2:      layout_loops_corners, hellmonk_ecumenical_altar_arch_garden,
          minmay_box_of_dots, uniq_robin

Skill      XL: |  1  2 |
---------------+-------+-----
Dodging        | 3 |  3.3
Transmutations | 3 |  3.5
Fighting       | |  1.9
Stealth        | |  0.4
Unarmed Combat | |  3.9
Spellcasting   | |  2.3
Poison Magic   | |  0.3

Action                   |  1- 3 |  4- 6 || total
-------------------------+-------+-------++-------
Melee: Unarmed           |   120 |     8 ||   128
       Headbutt          |    16 |     4 ||    20
 Cast: Beastly Appendage |    27 |       ||    27
 Stab: Sleeping          |     2 |       ||     2
Armor: Robe              |    22 |       ||    22
Dodge: Dodged            |    90 |     5 ||    95

Table legend: (Time is in decaauts)
 A = Elapsed time spent in this place.
 B = Non-inter-level travel time spent in this place.
 C = Inter-level travel time spent in this place.
 D = Time resting spent in this place.
 E = Time spent auto-exploring this place.
 F = Levels seen in this place.
 G = Mean time per level.
                   A        B        C        D        E       F      G
               +--------+--------+--------+--------+--------+-----+--------+
         Total |   1728 |   1700 |     28 |    802 |    427 |   2 |  864.0 |
       Dungeon |   1728 |   1700 |     28 |    802 |    427 |   2 |  864.0 |
               +--------+--------+--------+--------+--------+-----+--------+

Top non-repeatable levels by time:
     D:1: 1549 daAuts
     D:2: 179 daAuts
